 Seeded DCSS version 0.27-a0-1228-gfd60fd639a (webtiles) character file.

Game seed: 49 (custom seed)

29 Snicker the Sneak (level 3, 7/16 HPs)
             Began as a Spriggan Enchanter on June 7, 2021.
             Got out of the dungeon alive.
             The game lasted 00:02:07 (1140 turns).

Snicker the Sneak (Spriggan Enchanter)              Turns: 1140, Time: 00:02:09

Health: 7/16       AC:  2    Str:  5    XL:     3   Next: 1%
Magic:  4/8        EV: 17    Int: 16    God:
Gold:   29         SH:  0    Dex: 15    Spells: 4/7 levels left

rFire    . . .     SeeInvis +   a - +0 dagger (drain)
rCold    . . .     Faith    .   (shield restricted)
rNeg     . . .     Spirit   .   b - +0 robe
rPois    .         Reflect  .   (helmet restricted)
rElec    .         Harm     .   (no cloak)
rCorr    .         Rampage  .   (gloves unavailable)
Will     .....                  (boots unavailable)
Stlth    +++.......             (no amulet)
HPRegen  0.05/turn              (no ring)
MPRegen  0.11/turn              (no ring)

@: brilliant, very quick
A: very small, no large weapons, unfitting armour, see invisible, speed 3
a: no special abilities


You escaped.
You visited 1 branch of the dungeon, and saw 2 of its levels.

You collected 29 gold pieces.

Inventory:

Hand Weapons
 a - a +0 dagger of draining (weapon)
 c - a +1 dagger
Armour
 b - a +0 robe (worn)
Scrolls
 e - 2 scrolls of enchant armour {unknown}
 f - 2 scrolls of identify {unknown}


   Skills:
 * Level 1.7 Short Blades
 - Level 2.6 Dodging
 * Level 6.1 Stealth
 - Level 2.6 Spellcasting
 - Level 3.6 Hexes


You had 4 spell levels left.
You knew the following spells:

 Your Spells              Type           Power      Damage    Failure   Level
a - Corona                Hex            22%        N/A       4%          1
b - Ensorcelled Hibernat  Hex/Ice        22%        N/A       14%         2

Your spell library contained the following spells:

 Spells                   Type           Power      Damage    Failure   Level
 Confusing Touch          Hex            20%        N/A       13%         3
 Tukima's Dance           Hex            20%        N/A       13%         3
 Sandblast                Erth           6%         2d5       19%         1
 Shock                    Conj/Air       12%        1d3       19%         1
 Passwall                 Tmut/Erth      2%         N/A       28%         2
 Poisonous Vapours        Pois/Air       6%         N/A       28%         2
 Dazzling Flash           Conj/Hex       22%        N/A       28%         3
 Silence                  Hex/Air        5%         N/A       95%         5
 Lee's Rapid Deconstruct  Erth           1%         3d5*      99%         5
 Conjure Ball Lightning   Conj/Air       1%         3x3d6     100%        6
 Freezing Cloud           Conj/Ice/Air   1%         6-21      100%        6


Dungeon Overview and Level Annotations

Branches:
Dungeon (2/15)

Altars:


Innate Abilities, Weirdness & Mutations

You are very small and have problems with some larger weapons.
You are too small for most types of armour.
You have supernaturally acute eyesight. (SInv)
You cover ground extremely quickly. (Speed+++)


Message History

The bat hits you but does no damage. The endoplasm freezes you.
You are frozen.
Unknown command.
Unknown command.
Unknown command.
You see here a +0 whip.
The bat completely misses you. The bat barely misses you. The bat hits you.
Your magical contamination has completely faded away.
You open the door. The bat hits you but does no damage.
There is an open door here.
The bat barely misses you. The bat closely misses you.
There is a stone staircase leading up here.
The bat hits you but does no damage.
You climb upwards.
There is a stone staircase leading down here.
As you read the scroll labelled MIKKUN KUBOQ, it crumbles to dust.
You feel strangely unstable.
It was a scroll of teleportation.
Unknown command.
This is a scroll of acquirement!
Something appears at your feet!
You pick up the Guide on the Aerial Rocks and begin reading...
You add the spells Shock, Sandblast, Poisonous Vapours, Passwall, Lee's Rapid Deconstruction, Silence, Conjure Ball Lightning and Freezing Cloud to your library.
Your surroundings suddenly seem different.
Okay, then.
Unknown command.
(D) Dungeon
Where to? (Enter - D:2, ? - help)
Okay, then.
Unknown command.
Unknown command.
You enter the shallow water.
Moving in this stuff is going to be slow.
There is an open door here.
There is a staircase leading out of the dungeon here.
Are you sure you want to leave the Dungeon?
This will make you lose the game!
You have escaped!

.....# #.######.## ##.######.#
#.##.# #.# #..###.## #.# #.##.#
#.# #.♣...## #.# #..#.# #.#
#♣≈≈≈♣## #.# ##.#.# ###.###
#P≈≈≈♣ #.# ..†#.#
#.....####♣≈≈### #.# .....#
#.....##.##≈##.# #.# #..###
#.....##..'≈'..# #.# #..#
#.....##@##≈##.# #.# #..#
#.....####♣≈♣### #.#
#..##########.## ♣≈≈≈♣ #.#
...............##♣≈≈≈♣# #.#
#.##.#.######..##...#.# #.#
..##.#.# #.........#########.#
.###.#.######.###....#...........
.###.#..............###..........
.##....######......#####.########


There were no monsters in sight!

Vanquished Creatures
  An adder (D:2)
  2 ball pythons
  2 bats (D:1)
  An endoplasm (D:2)
  A giant cockroach (D:1)
  2 goblins (D:1)
  A hobgoblin (D:1)
  3 kobolds (D:1)
  2 quokkas (D:1)
  3 rats
18 creatures vanquished.

Notes
Turn   | Place    | Note
-------+----------+-------------------------------------------
     0 | D:1      | Snicker the Spriggan Enchanter began the quest for the Orb.
     0 | D:1      | Reached XP level 1. HP: 9/9 MP: 5/5
   104 | D:1      | Reached skill level 5 in Stealth
   128 | D:1      | Reached XP level 2. HP: 6/13 MP: 6/6
   861 | D:1      | Learned a level 2 spell: Ensorcelled Hibernation
  1092 | D:2      | Reached skill level 6 in Stealth
  1092 | D:2      | Reached XP level 3. HP: 6/16 MP: 5/8
  1122 | D:1      | Identified a scroll of acquirement
  1122 | D:1      | Acquired the Guide on the Aerial Rocks
  1140 | D:$      | Got out of the dungeon alive.

Illustrated notes

Levels and vault maps discovered:
D:1:      sevenhm_arrival_forest_fort_small_4, layout_loops_ring
D:2:      layout_basic, shapermc_ecumenical_altar_gd, serial_bayou_pond_e,
          uniq_terence

Skill      XL: |  1  2 |
---------------+-------+-----
Stealth        | 5 6 |  6.1
Short Blades   | |  1.7
Dodging        | |  2.6
Spellcasting   | |  2.6
Hexes          | |  3.6

Action                   || total
-------------------------++-------
Melee: Dagger            ||    35
 Cast: Ensorcelled Hiber ||     3
  Use: Scroll            ||     2
       Potion            ||     2
 Stab: Sleeping          ||    10
Armor: Robe              ||    10
Dodge: Dodged            ||    57

Table legend: (Time is in decaauts)
 A = Elapsed time spent in this place.
 B = Non-inter-level travel time spent in this place.
 C = Inter-level travel time spent in this place.
 D = Time resting spent in this place.
 E = Time spent auto-exploring this place.
 F = Levels seen in this place.
 G = Mean time per level.
                   A        B        C        D        E       F      G
               +--------+--------+--------+--------+--------+-----+--------+
         Total |    858 |    824 |     34 |      0 |    681 |   2 |  429.0 |
       Dungeon |    858 |    824 |     34 |      0 |    681 |   2 |  429.0 |
               +--------+--------+--------+--------+--------+-----+--------+

Top non-repeatable levels by time:
     D:1: 805 daAuts
     D:2: 53 daAuts
